 Dungeon Crawl Stone Soup version 0.19.4-9-g45fd643 (webtiles) character file.

2261 tof the Geomancer (level 9, -3/68 HPs)
             Began as a Deep Dwarf Earth Elementalist on Feb 21, 2017.
             Was a Believer of Sif Muna.
             Slain by a yak (4 damage)
             ... on level 8 of the Dungeon.
             The game lasted 01:09:58 (9337 turns).

tof the Geomancer (Deep Dwarf Earth Elementalist)   Turns: 9337, Time: 01:09:59

Health: -3/68      AC:  3    Str: 12      XL:     9   Next: 15%
Magic:  3/6        EV: 14    Int: 19      God:    Sif Muna [**....]
Gold:   261        SH:  0    Dex:  9 (13) Spells: 5 memorised, 2 levels left

rFire  . . .     SeeInvis .     H - staff of energy
rCold  . . .     Gourm    .     B - +0 robe
rNeg   . . .     Faith    .     (no shield)
rPois  +         Spirit   .     (no helmet)
rElec  .         Reflect  .     v - +0 cloak
rCorr  .         Harm     .     (no gloves)
MR     +....                    (no boots)
Stlth  ++++......               (no amulet)
                                x - ring of poison resistance
                                G - ring of stealth

@: non-regenerating
A: damage resistance, recharge devices, sense surroundings 2, slow regeneration
3
a: Device Recharging, Divine Energy, Renounce Religion


You were on level 8 of the Dungeon.
You worshipped Sif Muna.
Sif Muna was pleased with you.
You were hungry.

You visited 1 branch of the dungeon, and saw 8 of its levels.
You also visited: Ossuary.

You collected 261 gold pieces.

Inventory:

Hand Weapons
 p - a +4 quarterstaff of chaos
Missiles
 b - 278 stones (quivered)
Armour
 v - a +0 cloak (worn)
 B - a +0 robe (worn)
Magical Staves
 y - a cursed staff of summoning
 H - an uncursed staff of energy (weapon)
Jewellery
 k - the ring of Vonipteff {*Tele SInv}
   (You took it off an orc wizard on level 5 of the Dungeon)

   [ring of teleportation]

   It may teleport you next to monsters.
   It lets you see invisible.
 x - a ring of poison resistance (right hand)
 G - a ring of stealth (left hand)
Wands
 d - a wand of heal wounds (3/9)
 h - a wand of lightning (13/15)
 O - a wand of confusion (32/48)
Scrolls
 c - 2 scrolls of recharging
 g - 7 scrolls of remove curse
 m - 2 scrolls of noise
 o - 2 scrolls of magic mapping
 q - 4 scrolls of amnesia {unknown}
 r - 5 scrolls of identify
 w - 3 scrolls of teleportation {unknown}
 z - 2 scrolls of random uselessness {unknown}
 D - 2 scrolls of enchant weapon {unknown}
 L - a scroll of immolation {unknown}
 M - a scroll of fog
Potions
 a - a potion of brilliance {unknown}
 i - a potion of mutation {unknown}
 j - 2 potions of heal wounds {unknown}
 n - 9 potions of curing {unknown}
 s - 3 potions of might {unknown}
 u - a potion of resistance
 A - 2 potions of haste {unknown}
 E - 2 potions of flight {unknown}
 F - 2 potions of lignification {unknown}
 I - 2 potions of degeneration {unknown}
 J - 2 potions of ambrosia {unknown}
 N - a potion of agility {unknown}
 P - a potion of cancellation {unknown}
Books
 e - a book of Geomancy

   Spells                             Type                      Level
   a - Sandblast                      Earth                        1
   b - Passwall                       Transmutation/Earth          2
   c - Stone Arrow                    Conjuration/Earth            3
   d - Petrify                        Transmutation/Earth          4
   e - Lee's Rapid Deconstruction     Earth                        5
 C - Sif Muna's Incunabulum of Displacement
   (You found it on level 3 of the Dungeon)

   Spells                             Type                      Level
   a - Apportation                    Translocation                1
Comestibles
 f - 5 bread rations
 l - 2 slices of pizza
 t - 4 meat rations
 K - a royal jelly
 Q - 4 fruits


   Skills:
 + Level 6.3 Dodging
 + Level 7.7 Stealth
 + Level 4.9 Spellcasting
 - Level 0.8 Transmutations
 + Level 8.4 Earth Magic
 * Level 6.3 Evocations


You had 2 spell levels left.
You knew the following spells:

 Your Spells              Type           Power        Failure   Level  Hunger
a - Sandblast             Erth           #####.       1%          1    None
b - Passwall              Tmut/Erth      ###.......   3%          2    None
c - Stone Arrow           Conj/Erth      ###...       10%         3    None
d - Lee's Rapid Deconstr  Erth           #####.....   12%         5    None
e - Petrify               Tmut/Erth      ###.....     21%         4    None


Dungeon Overview and Level Annotations

Branches:
Dungeon (8/15)             Temple (0/1) D:5
   Lair: D:8-11

Altars:
Gozag
Makhleb
Nemelex Xobeh
Okawaru
Qazlal
Sif Muna


Innate Abilities, Weirdness & Mutations

You are resistant to damage.
You can recharge devices by infusing magical energy.
You passively map the area around you.
You do not regenerate.


Message History

You feel much better.
This wand has 4 charges left.
The dream sheep bites you! The yak closely misses you.
The yak barely misses you. The dream sheep bites you!
Evoke which item? (* to show all) (? for menu, Esc to quit)
Zapping:
d - a wand of heal wounds (4/9)
Press: ? - help, Shift-Dir - straight line, f - you You feel much better.
This wand has 3 charges left.
The dream sheep bites you.
The yak gores you! x2; The dream sheep bites you.
The dream sheep shake their wool and sparkle.
You feel drowsy...
You fall asleep.
The dream sheep bites you!
You wake up.
The yak gores you!
* * * LOW HITPOINT WARNING * * *
The yak barely misses you. The dream sheep bites you!
* * * LOW HITPOINT WARNING * * *
There is a stone staircase leading up here.
The dream sheep bites you!
* * * LOW HITPOINT WARNING * * *
The yak gores you.
You die...

#.......# , #.......# ,
*##.......#### *######
............# #%%...
............# ..... * ***
............#### *##'''#
,...............>, #.....
, ........Y...# * #..P%.
, , *
.......@YY..#######Y%...
,
.........Y........#.....
,,,,**
..................#.≈.≈.
,,,
..................####†#
,
.......................#
* ,,
,...######.............##
...* #............## , ,
,.. #............# ** *
#..........###


You could see 2 yaks and 2 dream sheep.

Vanquished Creatures
  2 phantoms
  A black bear (D:7)
  3 ogres
  2 centaurs
  2 big kobolds (D:8)
  3 bullfrogs (D:7)
  A water moccasin zombie (D:6)
  3 scorpions
  A howler monkey (D:6)
  A crimson imp (D:6)
  A quasit (D:8)
  A centaur zombie (Ossuary)
  Crazy Yiuf (D:2)
  3 orc priests
  5 hounds
  2 bullfrog skeletons
  A centaur skeleton (D:4)
  7 orc wizards
  2 worker ants
  3 big kobold zombies (Ossuary)
  2 mummies (Ossuary)
  Robin (D:3)
  A howler monkey zombie (D:5)
  5 adders
  3 gnolls (D:7)
  2 shadow imps
  An ooze (D:6)
  An adder zombie (D:7)
  An adder skeleton (D:4)
  2 worms
  2 dart slugs (D:1)
  3 leopard geckos
  17 orcs
  3 bats
  5 giant cockroaches
  11 hobgoblins
  4 jackals
  5 quokkas
  4 ball pythons
  A frilled lizard (D:3)
  10 goblins
  A goblin zombie (Ossuary)
  11 hobgoblin zombies (Ossuary)
  A jackal skeleton (D:5)
  9 kobolds
  10 kobold zombies (Ossuary)
  9 orc zombies (Ossuary)
  4 rats
  A rat zombie (Ossuary)
175 creatures vanquished.

Vanquished Creatures (others)
  An orc wizard (D:3)
1 creature vanquished.

Grand Total: 176 creatures vanquished

Notes
Turn   | Place    | Note
-------+----------+-------------------------------------------
     0 | D:1      | tof the Deep Dwarf Earth Elementalist began the quest for the Orb.
     0 | D:1      | Reached XP level 1. HP: 15/15 MP: 3/3
   230 | D:1      | Reached XP level 2. HP: 22/22 MP: 2/4
  1308 | D:2      | Reached XP level 3. HP: 25/28 MP: 0/5
  1599 | D:2      | Found a runed door.
  1612 | D:2      | Noticed Crazy Yiuf
  1622 | D:2      | Killed Crazy Yiuf
  1969 | D:2      | Reached XP level 4. HP: 34/36 MP: 1/5
  2472 | D:3      | Reached skill level 5 in Earth Magic
  2481 | D:3      | Noticed Robin
  2484 | D:3      | Killed Robin
  2733 | D:3      | Learned a level 2 spell: Passwall
  3263 | D:3      | Found a deep blue altar of Sif Muna.
  3267 | D:3      | Became a worshipper of Sif Muna the Loreminder
  3351 | D:3      | Reached XP level 5. HP: 32/42 MP: 0/6
  3431 | D:3      | Identified Sif Muna's Incunabulum of Displacement
  3574 | D:4      | Learned a level 3 spell: Stone Arrow
  3621 | D:4      | Noticed a phantom
  3811 | D:4      | Killed a phantom
  3811 | D:4      | Reached XP level 6. HP: 36/49 MP: 1/7
  4207 | D:4      | Reached skill level 6 in Earth Magic
  4227 | D:4      | Reached skill level 5 in Stealth
  4759 | D:4      | Found an iron altar of Okawaru.
  4764 | D:4      | Reached XP level 7. HP: 47/55 MP: 3/8
  4865 | D:4      | Found an opulent altar of Gozag.
  4931 | D:4      | Reached * piety under Sif Muna
  4987 | D:4      | Found a stormy altar of Qazlal.
  5352 | D:5      | Entered Level 5 of the Dungeon
  5380 | D:5      | Found a staircase to the Ecumenical Temple.
  5403 | D:5      | Got a crude amber ring
  5461 | D:5      | Found a sand-covered staircase.
  5470 | Ossuary  | Entered an ossuary
  5908 | Ossuary  | Reached skill level 5 in Dodging
  6263 | D:5      | Found a sparkling altar of Nemelex Xobeh.
  6313 | D:5      | Reached skill level 7 in Earth Magic
  6313 | D:5      | Reached skill level 1 in Evocations
  6642 | D:5      | Reached XP level 8. HP: 44/62 MP: 1/7
  6717 | D:5      | Identified the ring of Vonipteff {*Tele SInv} (You took it off an orc wizard on level 5 of the Dungeon)
  6851 | D:6      | Reached ** piety under Sif Muna
  8196 | D:7      | Reached skill level 8 in Earth Magic
  8211 | D:7      | Reached skill level 5 in Evocations
  8408 | D:7      | Learned a level 5 spell: Lee's Rapid Deconstruction
  8413 | D:7      | Learned a level 4 spell: Petrify
  8691 | D:7      | Gained mutation: You passively map the area around you. [Deep Dwarf growth]
  8691 | D:7      | Reached XP level 9. HP: 51/68 MP: 1/7
  8940 | D:7      | Found a burning altar of Makhleb.
  9337 | D:8      | HP: 1/68 [dream sheep (5)]
  9337 | D:8      | Slain by a yak

Skill      XL: |  1  2  3  4  5  6  7  8  9 |
---------------+----------------------------+-----
Spellcasting   | 2 3 4 |  4.9
Stealth        | 3 4 5 6 7 |  7.7
Earth Magic    | 5 6 7 8 |  8.4
Dodging        | 3 4 5 6 |  6.3
Evocations     | 2 5 6 |  6.3
Transmutations | |  0.8

Action                   |  1- 3 |  4- 6 |  7- 9 || total
-------------------------+-------+-------+-------++-------
Melee: Unarmed           |     1 |       |       ||     1
       Quarterstaff      |     1 |    51 |    71 ||   123
       Staff             |       |       |   176 ||   176
Throw: Stone             |    54 |     3 |     1 ||    58
 Cast: Sandblast         |    47 |   111 |   241 ||   399
       Passwall          |       |     4 |       ||     4
       Stone Arrow       |       |     7 |     2 ||     9
       Petrify           |       |       |     1 ||     1
 Abil: Device Recharging |     2 |     2 |     6 ||    10
Evoke: Wand              |     2 |     7 |    26 ||    35
       Staff of energy   |       |       |    10 ||    10
  Use: Scroll            |     3 |     1 |     6 ||    10
 Stab: Petrified         |       |       |     6 ||     6
       Petrifying        |       |       |     2 ||     2
       Paralysed         |       |       |     1 ||     1
  Eat: Chunk             |     4 |     9 |     7 ||    20
       Bread ration      |       |     1 |     1 ||     2
Armor: Robe              |     4 |    18 |   105 ||   127
Dodge: Dodged            |    31 |    61 |   424 ||   516
